 Dungeon Crawl Stone Soup version 0.17.0-22-g5edae84 (webtiles) character file.

788 septik the Digger (level 7, -1/36 HPs)
             Began as a Gargoyle Earth Elementalist on Nov 13, 2015.
             Was an Initiate of Vehumet.
             Shot with an arrow by a centaur (4 damage)
             ... on level 5 of the Dungeon.
             The game lasted 00:28:11 (6524 turns).

septik the Digger (Gargoyle Earth Elementalist)     Turns: 6524, Time: 00:28:11

Health: -1/36      AC: 14    Str: 11    XL:     7   Next: 87%
Magic:  11/17      EV:  7    Int: 18    God:    Vehumet [......]
Gold:   251        SH:  0    Dex: 10    Spells: 3 memorised, 13 levels left

rFire  . . .     SeeInvis .     L - staff of energy
rCold  . . .     Clarity  .     G - +0 robe (curse)
rNeg   + + .     SustAt   .     (no shield)
rPois  ∞         Gourm    .     I - +0 helmet
rElec  +         Spirit   .     (no cloak)
rCorr  .         Warding  .     n - +0 pair of gloves
rMut   .         Stasis   .     o - +0 pair of boots
MR     .....                    (no amulet)
Stlth  ++........               i - +5 ring of protection
                                l - ring of positive energy

@: not resistant to hostile enchantments, unstealthy
A: negative energy resistance 1, electricity resistance, unbreathing,
petrification resistance, rot immunity, AC +4
a: Renounce Religion


You were on level 5 of the Dungeon.
You worshipped Vehumet.
Vehumet was noncommittal.
You were hungry.

You visited 1 branch of the dungeon, and saw 6 of its levels.
You also visited: Ossuary.

You collected 251 gold pieces.

Inventory:

Hand Weapons
 a - a +1 flail of crushing
Missiles
 b - 297 stones (quivered)
Armour
 n - a +0 pair of gloves (worn)
 o - a +0 pair of boots (worn)
 t - the +8 scale mail of Responsibility {-Cast rC++ Int+5}
   (You found it on level 4 of the Dungeon)

   It affects your intelligence (+5).
   It greatly protects you from cold.
   It prevents spellcasting.
 y - a +0 robe
 G - a cursed +0 robe (worn)
 I - a +0 helmet (worn)
 J - a cursed +0 ring mail
Magical Staves
 L - an uncursed staff of energy (weapon)
Jewellery
 f - an uncursed ring of positive energy
 i - a +5 ring of protection (right hand)
 l - a ring of positive energy (left hand)
 p - a cursed ring of teleportation {unknown}
 u - an uncursed ring of ice {unknown}
Wands
 w - a wand of digging (5)
Scrolls
 e - 2 scrolls of amnesia {unknown}
 r - 5 scrolls of identify
Potions
 h - a potion of haste {unknown}
 j - 5 potions of curing
 k - a potion of lignification {unknown}
 m - 4 potions of poison {unknown}
 s - a potion of agility {unknown}
 x - a potion of resistance {unknown}
 z - 3 potions of flight {unknown}
 A - 3 potions of heal wounds {unknown}
 B - a potion of brilliance {unknown}
 C - a potion of magic {unknown}
 D - a potion of berserk rage {unknown}
 E - a potion of mutation {unknown}
 F - 2 potions of degeneration {unknown}
 H - a potion of ambrosia {unknown}
Books
 c - a book of Geomancy

   Spells                             Type                      Level
   a - Sandblast                      Earth                        1
   b - Stoneskin                      Transmutation/Earth          2
   c - Passwall                       Transmutation/Earth          3
   d - Stone Arrow                    Conjuration/Earth            3
   e - Petrify                        Transmutation/Earth          4
   f - Lee's Rapid Deconstruction     Earth                        5
 q - a Young Poisoner's Handbook

   Spells                             Type                      Level
   a - Sting                          Conjuration/Poison           1
   b - Cure Poison                    Poison                       2
   c - Mephitic Cloud                 Conjuration/Poison/Air       3
   d - Olgreb's Toxic Radiance        Poison                       4
   e - Venom Bolt                     Conjuration/Poison           5
Comestibles
 d - 5 bread rations
 g - 2 meat rations
 v - 6 fruits
 K - a slice of pizza


   Skills:
 - Level 1.5 Dodging
 - Level 2.1 Stealth
 * Level 6.6 Spellcasting
 - Level 0.7 Transmutations
 + Level 6.8 Earth Magic


You had 13 spell levels left.
You knew the following spells:

 Your Spells              Type           Power        Failure   Level  Hunger
a - Sandblast             Erth           ####..       1%          1    None
b - Stoneskin             Trmt/Erth      ###.....     4%          2    None
c - Stone Arrow           Conj/Erth      ###...       10%         3    None


Dungeon Overview and Level Annotations

Branches:
Dungeon (6/15)             Temple (0/1) D:6

Altars:
Okawaru
Trog
Vehumet
Xom

Annotations:
D:2 exclusion: door, Crazy Yiuf
D:3 Sigmund; Zooty's ghost, weakling HaAK
D:5 JudasIscariot's ghost, novice DsFi


Innate Abilities, Weirdness & Mutations

You are resistant to torment.
Your stone body is resilient (AC +4).
You are immune to poison.
You resist negative energy.
You are resistant to electric shocks.
You can survive without breathing.
You are immune to petrification.
You are immune to rotting.


Message History

Confirm with . or Enter, or press ? or * to list all spells.
Aiming: Stone Arrow
Press: ? - help, Shift-Dir - straight line, f - centaur
Aim: a centaur, wielding a shortbow The stone arrow hits the centaur.
The centaur is heavily wounded.
The centaur shoots an arrow.
The arrow hits you! JudasIscariot's ghost hits you.
Casting: Stone Arrow
Confirm with . or Enter, or press ? or * to list all spells.
Aiming: Stone Arrow
Press: ? - help, Shift-Dir - straight line, f/p - centaur
Aim: a centaur, wielding a shortbow (heavily wounded)
The stone arrow hits the centaur.
The centaur is almost dead.
The centaur shoots an arrow.
The arrow hits you. JudasIscariot's ghost hits you!
* * * LOW HITPOINT WARNING * * *
The centaur shoots an arrow.
The arrow hits you.
You die...

#########
........#
........#
.......W########
........@......(
.........#.###.#
...........#
.........###
.....c..........
##.#.##..#.#####
#.#. #...... #
#.## ... ..
.....


You could see a centaur and JudasIscariot's ghost.

Vanquished Creatures
  Edmund (D:6)
  A centaur (D:6)
  A crimson imp (D:5)
  A human zombie (Ossuary)
  An orc wizard (D:4)
  A centaur zombie (Ossuary)
  2 hounds
  2 iguanas
  2 worker ants
  Natasha (D:3)
  A big kobold zombie (Ossuary)
  4 mummies (Ossuary)
  4 gnolls (D:6)
  Robin (D:2)
  3 adders
  A shadow imp (D:6)
  2 oozes
  An adder skeleton (D:6)
  A worm (D:2)
  3 giant geckos
  9 orcs
  A ball python (D:1)
  6 bats
  8 giant cockroaches
  9 hobgoblins
  3 jackals (D:1)
  10 kobolds
  4 quokkas
  3 giant newts
  16 goblins
  2 goblin zombies (Ossuary)
  A jackal skeleton (D:6)
  3 kobold zombies (Ossuary)
  10 rats
119 creatures vanquished.

Notes
Turn   | Place    | Note
--------------------------------------------------------------
     0 | D:1      | septik the Gargoyle Earth Elementalist began the quest for the Orb.
     0 | D:1      | Reached XP level 1. HP: 10/10 MP: 3/3
   297 | D:1      | Reached XP level 2. HP: 15/15 MP: 1/5
   780 | D:1      | Reached skill level 4 in Earth Magic
   780 | D:1      | Reached XP level 3. HP: 6/19 MP: 1/7
   993 | D:1      | Learned a level 2 spell: Stoneskin
   997 | D:1      | Learned a level 3 spell: Stone Arrow
  1398 | D:2      | Noticed Robin
  1716 | D:2      | Noticed Crazy Yiuf
  1745 | D:2      | Killed Robin
  1745 | D:2      | Reached XP level 4. HP: 24/24 MP: 2/9
  2111 | D:2      | Found an iron altar of Okawaru.
  2543 | D:3      | Noticed Zooty's ghost (weakling HaAK)
  2626 | D:3      | Noticed Natasha
  2631 | D:3      | Killed Natasha
  2631 | D:3      | Reached XP level 5. HP: 22/28 MP: 4/11
  2723 | D:4      | Found a shimmering altar of Xom.
  3071 | D:4      | Got a polished scale mail
  3082 | D:4      | Identified the +8 scale mail of Responsibility {-Cast rC++ Int+5} (You found it on level 4 of the Dungeon)
  3150 | D:4      | Reached skill level 5 in Earth Magic
  3327 | D:3      | Found a bloodstained altar of Trog.
  3432 | D:3      | Noticed Sigmund
  3470 | D:5      | Entered Level 5 of the Dungeon
  3485 | D:4      | Reached XP level 6. HP: 20/32 MP: 3/13
  3586 | D:5      | Noticed a centaur
  3634 | D:5      | Found a radiant altar of Vehumet.
  3640 | D:5      | Became a worshipper of Vehumet
  3673 | D:5      | Reached skill level 5 in Spellcasting
  3685 | D:5      | Noticed JudasIscariot's ghost (novice DsFi)
  3938 | D:6      | Noticed Edmund
  4112 | D:6      | Killed Edmund
  4127 | D:6      | Found a sand-covered staircase.
  4132 | Ossuary  | Entered an ossuary
  4441 | Ossuary  | Reached XP level 7. HP: 36/36 MP: 4/15
  4548 | Ossuary  | Reached skill level 6 in Earth Magic
  5247 | D:6      | Found a staircase to the Ecumenical Temple.
  6524 | D:5      | Shot with an arrow by a centaur

Action                   |  1- 3 |  4- 6 |  7- 9 || total
-------------------------+-------+-------+-------++-------
Melee: Unarmed           |    12 |       |       ||    12
       Club              |    47 |    62 |    53 ||   162
       Flail             |       |       |    27 ||    27
       Staff             |       |       |     2 ||     2
 Cast: Sandblast         |    71 |   143 |    45 ||   259
       Stone Arrow       |       |    10 |    31 ||    41
  Use: Scroll            |     1 |     2 |     3 ||     6
 Stab: Sleeping          |       |     1 |       ||     1
  Eat: Chunk             |     3 |     9 |     1 ||    13
       Meat ration       |       |       |     1 ||     1
